[Event "FIDE WYCC Girls U14 2023"]
[Site "Montesilvano"]
[Date "2023.11.16"]
[Round "4.16"]
[White "Mkrtchyan, Anahit H."]
[Black "Sneha Halder"]
[Result "0-1"]
[ECO "C05"]
[WhiteElo "1630"]
[BlackElo "1807"]
[Annotator "NA RC"]
[PlyCount "74"]
[EventDate "2023.11.13"]
[EventType "swiss"]
[EventCountry "ITA"]
[SourceTitle "playchess.com"]
[Source "ChessBase"]
[SourceQuality "1"]
[TimeControl "40/5400+30:1800+30"]

1. e4 e6 2. d4 d5 3. Nd2 Nf6 4. e5 Nfd7 5. Bd3 c5 6. c3 Nc6 7. Ne2 Qb6 8. Nf3 f6 9. exf6 Nxf6 10. O-O cxd4 11. cxd4 Be7 12. Re1 O-O 13. Nf4 Bb4 14. Re2 Re8 15. Bb1 Bd7 16. h3 Rac8 17. g4 Bd6 18. g5 Ne4 19. Bxe4 dxe4 20. Rxe4 Nb4 21. Qb3 Nc2 22. Qxb6 axb6 23. Rb1 Bc6 24. d5 exd5 25. Rxe8+ Rxe8 26. Nd3 d4 27. Nh4 Bb5 28. Bf4 Bxd3 29. Bxd6 Be2 30. f3 Ne3 31. b3 Nd5 32. Kf2 d3 33. Rb2 Ne3 34. Ke1 Rc8 35. Kd2 Nd1 36. Rb1 Rc2+ 37. Ke1 Nc3 0-1

[Event "FIDE WYCC Girls U14 2023"]
[Site "Montesilvano"]
[Date "2023.11.16"]
[Round "4.17"]
[White "Chasouraki, Chrysi"]
[Black "Li Chen, Helena Joana"]
[Result "1-0"]
[ECO "B40"]
[WhiteElo "1559"]
[BlackElo "1799"]
[Annotator "NA RC"]
[PlyCount "91"]
[EventDate "2023.11.13"]
[EventType "swiss"]
[EventCountry "ITA"]
[SourceTitle "playchess.com"]
[Source "ChessBase"]
[SourceQuality "1"]
[TimeControl "40/5400+30:1800+30"]

1. e4 c5 2. Nf3 e6 3. d3 Nc6 4. g3 d5 5. Qe2 Be7 6. Bg2 Nf6 7. O-O O-O 8. e5 Nd7 9. c4 Qc7 10. Bf4 d4 11. h4 a6 12. Nbd2 b5 13. b3 Bb7 14. Rfe1 Rab8 15. Nf1 bxc4 16. bxc4 Ba8 17. Ng5 Bxg5 18. hxg5 Rb6 19. Nh2 Rfb8 20. Ng4 Rb2 21. Qd1 Kh8 22. Kh2 Ne7 23. Bxa8 Rxa8 24. Bc1 Rb7 25. f4 Qc6 26. Rh1 Rab8 27. Nf2 f6 28. gxf6 gxf6 29. Qh5 fxe5 30. Kg1 Nf6 31. Qxe5 Neg8 32. Ne4 Rf8 33. Qxc5 Qa4 34. Qxf8 Nxe4 35. Ba3 Nef6 36. Bd6 Rg7 37. Rh3 Nd7 38. Qa8 Qc2 39. Qf3 Ngf6 40. Be5 Nxe5 41. fxe5 Ng4 42. Rf1 Nxe5 43. Qf8+ Rg8 44. Qf6+ Rg7 45. Qxe5 Kg8 46. Qb8# 1-0

[Event "FIDE WYCC Girls U14 2023"]
[Site "Montesilvano"]
[Date "2023.11.16"]
[Round "4.18"]
[White "Montano Vicente, Guadalupe"]
[Black "Sun, Wanyao Sarah"]
[Result "1-0"]
[ECO "D96"]
[WhiteElo "1794"]
[BlackElo "1593"]
[Annotator "NA RC"]
[PlyCount "113"]
[EventDate "2023.11.13"]
[EventType "swiss"]
[EventCountry "ITA"]
[SourceTitle "playchess.com"]
[Source "ChessBase"]
[SourceQuality "1"]
[TimeControl "40/5400+30:1800+30"]

1. d4 Nf6 2. c4 g6 3. Nc3 d5 4. Nf3 Bg7 5. Qb3 dxc4 6. Qxc4 Be6 7. Qd3 O-O 8. Ng5 Bd7 9. e4 Nc6 10. Be2 h6 11. Nf3 Bg4 12. Be3 Ne8 13. e5 Bf5 14. Qd2 Nb4 15. Rc1 h5 16. O-O c6 17. Nh4 Be6 18. a3 Nd5 19. Bh6 Nxc3 20. bxc3 b5 21. Be3 Bd5 22. c4 bxc4 23. Bxc4 e6 24. Bg5 Qd7 25. Bxd5 cxd5 26. Qa5 Rb8 27. Bd2 Kh7 28. Bb4 Rg8 29. Bc5 Bh6 30. Rb1 Ra8 31. Rb3 Ng7 32. Rfb1 Nf5 33. Nxf5 gxf5 34. Rb7 Qe8 35. Qb5 Qd8 36. Rxf7+ Rg7 37. Rxg7+ Bxg7 38. Qb7 Qe8 39. h3 f4 40. Rb3 Rd8 41. Qb5 Qf7 42. Qd3+ Kh8 43. Qb1 h4 44. Rb7 Qh5 45. Qd3 Rg8 46. Kh2 Qg5 47. Be7 Qh6 48. Rxa7 Rb8 49. Bd6 Rc8 50. a4 Bf8 51. Bxf8 Rxf8 52. Qf3 Rf5 53. Rb7 Qg6 54. Qg4 Rg5 55. Qxh4+ Kg8 56. Rb8+ Kf7 57. Qxf4+ 1-0

[Event "FIDE WYCC Girls U14 2023"]
[Site "Montesilvano"]
[Date "2023.11.16"]
[Round "4.19"]
[White "Avetisyan, Ani"]
[Black "Jiang, Hanxi"]
[Result "1-0"]
[ECO "A45"]
[WhiteElo "1770"]
[BlackElo "1575"]
[Annotator "NA RC"]
[PlyCount "74"]
[EventDate "2023.11.13"]
[EventType "swiss"]
[EventCountry "ITA"]
[SourceTitle "playchess.com"]
[Source "ChessBase"]
[SourceQuality "1"]
[TimeControl "40/5400+30:1800+30"]

1. d4 Nf6 2. g3 g6 3. Bg2 Bg7 4. e4 d6 5. Ne2 O-O 6. O-O c5 7. Nbc3 Nbd7 8. h3 Rb8 9. a4 Re8 10. Be3 b6 11. Qd2 a6 12. f4 e5 13. dxe5 dxe5 14. f5 Nf8 15. Qxd8 Rxd8 16. g4 N8d7 17. g5 Ne8 18. Nd5 Bf8 19. h4 Bb7 20. Rad1 Nd6 21. Ng3 Nc4 22. Bc1 b5 23. axb5 axb5 24. fxg6 fxg6 25. Nc7 Bc6 26. Bh3 Be7 27. Be6+ Kh8 28. Bxd7 Bxd7 29. Rf7 Bd6 30. b3 Bxc7 31. Rdxd7 Nb6 32. Rxc7 Rd1+ 33. Rf1 Rbd8 34. Bb2 Rxf1+ 35. Nxf1 Nd7 36. Ne3 Kg8 37. Nd5 Kf8 1-0

[Event "FIDE WYCC Girls U14 2023"]
[Site "Montesilvano"]
[Date "2023.11.16"]
[Round "4.20"]
[White "Romany, Joy"]
[Black "Suyamin, Bonjoure Fille"]
[Result "1-0"]
[ECO "A48"]
[WhiteElo "1764"]
[BlackElo "1570"]
[Annotator "NA RC"]
[PlyCount "123"]
[EventDate "2023.11.13"]
[EventType "swiss"]
[EventCountry "ITA"]
[SourceTitle "playchess.com"]
[Source "ChessBase"]
[SourceQuality "1"]
[TimeControl "40/5400+30:1800+30"]

1. d4 Nf6 2. Nf3 g6 3. Nbd2 Bg7 4. e4 d6 5. Bd3 Nbd7 6. c3 O-O 7. O-O Rb8 8. Qe2 c5 9. a4 Re8 10. Rd1 Qc7 11. h3 Nh5 12. Nc4 b6 13. g4 Nhf6 14. e5 dxe5 15. dxe5 Nd5 16. e6 N7f6 17. exf7+ Kxf7 18. Ng5+ Kg8 19. Ne6 Qc6 20. Nxg7 Kxg7 21. Ne5 Qe6 22. Re1 Bb7 23. Qd2 Ng8 24. Nxg6 Qf6 25. Ne5 Qh4 26. Qg5+ Qxg5 27. Bxg5 Ngf6 28. Bb5 Rec8 29. Nd7 Nxd7 30. Bxd7 Rc7 31. Be6 Re8 32. Rad1 Nf6 33. Bf4 Rc6 34. g5 Rxe6 35. Rxe6 Kf7 36. Ree1 Nd5 37. Bg3 Bc6 38. Re5 e6 39. Rde1 a6 40. f4 Re7 41. f5 exf5 42. Rxf5+ Ke8 43. Rfe5 Rxe5 44. Rxe5+ Kf7 45. c4 Nb4 46. b3 Nc2 47. Rf5+ Kg8 48. Rf6 Nd4 49. Bf2 Nf3+ 50. Kf1 Be4 51. Be3 Ne5 52. Rxb6 Bc2 53. Ke2 a5 54. Kd2 Bf5 55. Rb8+ Kf7 56. Bxc5 Bxh3 57. Be3 Nc6 58. Rb7+ Kg6 59. Rb6 Bg2 60. Kc3 Be4 61. Rxc6+ Bxc6 62. Kd4 1-0

[Event "FIDE WYCC Girls U14 2023"]
[Site "Montesilvano"]
[Date "2023.11.16"]
[Round "4.21"]
[White "Aswinika Mani R"]
[Black "Gaszka, Zuzanna"]
[Result "1/2-1/2"]
[ECO "C50"]
[WhiteElo "1472"]
[BlackElo "1758"]
[Annotator "NA RC"]
[PlyCount "102"]
[EventDate "2023.11.13"]
[EventType "swiss"]
[EventCountry "ITA"]
[SourceTitle "playchess.com"]
[Source "ChessBase"]
[SourceQuality "1"]
[TimeControl "40/5400+30:1800+30"]

1. e4 e5 2. Nf3 Nc6 3. Bc4 Nf6 4. d3 Bc5 5. c3 O-O 6. O-O d5 7. exd5 Nxd5 8. b4 Be7 9. b5 Na5 10. Bxd5 Qxd5 11. c4 Qd8 12. Nc3 c6 13. Qe2 f6 14. Rd1 cxb5 15. Nxb5 a6 16. Nc3 Bc5 17. Nd5 Nc6 18. Be3 Bxe3 19. Qxe3 Bg4 20. Rdb1 Bxf3 21. Qxf3 Nd4 22. Qd1 b5 23. a4 bxc4 24. dxc4 Rf7 25. Nb6 Rb8 26. a5 Rc7 27. h3 Rc5 28. Kh1 Qd6 29. Qa4 Rd8 30. Nd5 Rdc8 31. Rb6 Qd8 32. Ne3 f5 33. Rb7 f4 34. Nd5 Kh8 35. Nb6 R8c7 36. Rxc7 Rxc7 37. Rc1 Rc5 38. Rb1 Nc6 39. Rd1 Nd4 40. Rb1 h6 41. Qb4 Rc7 42. Nd5 Rc6 43. Ne7 Re6 44. Nd5 Kh7 45. Qd2 Qg5 46. Rb6 Rg6 47. Rxg6 Qxg6 48. Nxf4 Qb1+ 49. Kh2 Kg8 50. Ne2 Qe4 51. Ng3 Qc6 1/2-1/2

[Event "FIDE WYCC Girls U14 2023"]
[Site "Montesilvano"]
[Date "2023.11.16"]
[Round "4.22"]
[White "Mueller, Riyanna"]
[Black "Orazalina, Nursulu"]
[Result "1/2-1/2"]
[ECO "B22"]
[WhiteElo "1754"]
[BlackElo "1428"]
[Annotator "NA RC"]
[PlyCount "83"]
[EventDate "2023.11.13"]
[EventType "swiss"]
[EventCountry "ITA"]
[SourceTitle "playchess.com"]
[Source "ChessBase"]
[SourceQuality "1"]
[TimeControl "40/5400+30:1800+30"]

1. e4 c5 2. c3 d5 3. exd5 Qxd5 4. d4 Nc6 5. Nf3 Bg4 6. Be2 cxd4 7. cxd4 e6 8. Nc3 Bb4 9. h3 Bxf3 10. Bxf3 Qc4 11. Bd2 Qxd4 12. O-O Rd8 13. Qa4 Nge7 14. Be3 Qe5 15. Ne2 O-O 16. a3 Bd6 17. g3 Nd5 18. Bf4 Nxf4 19. Nxf4 Qf6 20. Bxc6 bxc6 21. Ng2 Qxb2 22. Qxc6 Be5 23. Rae1 Bd4 24. Qa4 Bb6 25. Ne3 Rd4 26. Qa6 Qb3 27. Rb1 Qd3 28. Qxd3 Rxd3 29. a4 Bxe3 30. fxe3 Rxe3 31. Rb7 a5 32. Rb5 Rxg3+ 33. Kh2 Ra3 34. Rxa5 Rb8 35. Rf2 g6 36. Ra7 f5 37. Rc2 e5 38. a5 f4 39. a6 e4 40. Rb7 Ra8 41. Rcc7 R3xa6 42. Rg7+ 1/2-1/2

[Event "FIDE WYCC Girls U14 2023"]
[Site "Montesilvano"]
[Date "2023.11.16"]
[Round "4.23"]
[White "Cutiyog, Jirah Floravie"]
[Black "Jankovic, Tamara"]
[Result "1/2-1/2"]
[ECO "B66"]
[WhiteElo "1305"]
[BlackElo "1711"]
[Annotator "NA RC"]
[PlyCount "78"]
[EventDate "2023.11.13"]
[EventType "swiss"]
[EventCountry "ITA"]
[SourceTitle "playchess.com"]
[Source "ChessBase"]
[SourceQuality "1"]
[TimeControl "40/5400+30:1800+30"]

1. e4 c5 2. Nf3 d6 3. d4 cxd4 4. Nxd4 Nf6 5. Nc3 Nc6 6. Bg5 e6 7. Qd2 a6 8. O-O-O h6 9. Be3 Bd7 10. f3 b5 11. a3 Nxd4 12. Qxd4 e5 13. Qd2 Qa5 14. Nd5 Qxd2+ 15. Rxd2 Nxd5 16. Rxd5 Be6 17. Rd2 Be7 18. Be2 O-O 19. Rhd1 Rac8 20. Kb1 Rc6 21. f4 f6 22. f5 Bc4 23. b3 Bxe2 24. Rxe2 Rfc8 25. Rd5 Kf7 26. Rd3 Bd8 27. Bf2 Bb6 28. Bxb6 Rxb6 29. Red2 Rcc6 30. Kb2 Ke8 31. Rg3 Rb7 32. Rdd3 Kd8 33. Rc3 Rxc3 34. Kxc3 a5 35. Kd3 Rc7 36. c3 Kc8 37. h4 Kb7 38. Kc2 Kc6 39. Rd3 Rd7 1/2-1/2

[Event "FIDE WYCC Girls U14 2023"]
[Site "Montesilvano"]
[Date "2023.11.16"]
[Round "4.24"]
[White "Briem, Gudrun Fanney"]
[Black "Maral Altankhuyag"]
[Result "0-1"]
[ECO "A45"]
[WhiteElo "1692"]
[BlackElo "1398"]
[Annotator "NA RC"]
[PlyCount "88"]
[EventDate "2023.11.13"]
[EventType "swiss"]
[EventCountry "ITA"]
[SourceTitle "playchess.com"]
[Source "ChessBase"]
[SourceQuality "1"]
[TimeControl "40/5400+30:1800+30"]

1. d4 Nf6 2. Bf4 g6 3. Nc3 d5 4. e3 Bg7 5. h4 O-O 6. h5 b6 7. Be2 Bb7 8. g4 c5 9. g5 Ne4 10. Nxe4 dxe4 11. c3 e5 12. dxe5 Nc6 13. Qa4 Nxe5 14. Bxe5 Bxe5 15. Nh3 a6 16. hxg6 hxg6 17. Qc2 Kg7 18. Rg1 Rh8 19. Bg4 Rh4 20. Rd1 Qh8 21. Nf4 Bxf4 22. exf4 e3 23. fxe3 Rh2 24. Rd2 Qh4+ 25. Kf1 Rh1 26. Rdg2 Bxg2+ 27. Qxg2 Rh2 28. Qf3 Rd8 29. Rg3 Rd1+ 30. Qxd1 Qxg3 31. Qf3 Qxf3+ 32. Bxf3 Rxb2 33. a4 b5 34. axb5 axb5 35. Bd5 Rc2 36. c4 b4 37. Ke1 b3 38. Kd1 Kf8 39. e4 Rc3 40. e5 b2 41. Be4 Rc1+ 42. Kd2 b1=Q 43. Bxb1 Rxb1 44. Kd3 Ke7 0-1

[Event "FIDE WYCC Girls U14 2023"]
[Site "Montesilvano"]
[Date "2023.11.16"]
[Round "4.25"]
[White "Nguyen, Thuy Linh"]
[Black "Dicen, Elis Denele"]
[Result "0-1"]
[ECO "D30"]
[WhiteElo "1398"]
[BlackElo "1976"]
[Annotator "NA RC"]
[PlyCount "136"]
[EventDate "2023.11.13"]
[EventType "swiss"]
[EventCountry "ITA"]
[SourceTitle "playchess.com"]
[Source "ChessBase"]
[SourceQuality "1"]
[TimeControl "40/5400+30:1800+30"]

1. d4 d5 2. c4 e6 3. Nf3 Nf6 4. g3 dxc4 5. Qa4+ Nbd7 6. Qxc4 a6 7. Bg2 b5 8. Qc2 Bb7 9. Bd2 c5 10. O-O Rc8 11. Qd3 Be4 12. Qa3 Qb6 13. Ba5 Qb7 14. dxc5 Bxc5 15. Bb4 O-O 16. Nbd2 Bd5 17. Rfc1 Qb6 18. e3 Bxb4 19. Qxb4 a5 20. Qd4 Qb7 21. Ne1 e5 22. Qd3 Bxg2 23. Nxg2 Nd5 24. Qe2 Nc5 25. Ne1 e4 26. Nb3 Nxb3 27. axb3 Qb6 28. Nc2 a4 29. Nd4 axb3 30. Qg4 Rxc1+ 31. Rxc1 Nf6 32. Qg5 h6 33. Qf4 Qd8 34. Rc6 Re8 35. Nf5 Qd1+ 36. Kg2 Nd5 37. Nxh6+ gxh6 38. Qf5 Qf3+ 39. Qxf3 exf3+ 40. Kxf3 Nb4 41. Rc3 Re5 42. Rxb3 Nc6 43. Rc3 Na5 44. e4 Nc4 45. Kf4 f6 46. b3 Nd6 47. f3 Kf7 48. h4 h5 49. Rd3 Ke6 50. Rc3 f5 51. exf5+ Rxf5+ 52. Ke3 Kd5 53. Rd3+ Ke5 54. Rc3 Ke6 55. g4 hxg4 56. fxg4 Rf7 57. Rc5 Rf1 58. Rc3 Rh1 59. h5 Rh3+ 60. Kd4 Rh4 61. Rc6 Rxg4+ 62. Kc5 Rg5+ 63. Kb6 Rxh5 64. b4 Rh4 65. Ka5 Rc4 66. Ra6 Kd5 67. Ra7 Rc3 68. Rh7 Kc6 0-1

[Event "FIDE WYCC Girls U14 2023"]
[Site "Montesilvano"]
[Date "2023.11.16"]
[Round "4.26"]
[White "Toth, Lili"]
[Black "Sodgerelt Naranbold"]
[Result "1/2-1/2"]
[ECO "D31"]
[WhiteElo "2199"]
[BlackElo "1419"]
[Annotator "RC"]
[PlyCount "68"]
[EventDate "2023.11.13"]
[EventType "swiss"]
[EventCountry "ITA"]
[SourceTitle "playchess.com"]
[Source "ChessBase"]
[SourceQuality "1"]
[TimeControl "40/5400+30:1800+30"]

1. c4 e6 2. Nc3 d5 3. d4 a6 4. cxd5 exd5 5. Bf4 Nf6 6. e3 Bd6 7. Bxd6 Qxd6 8. Bd3 O-O 9. Qc2 Re8 10. Nf3 Nc6 11. a3 Bg4 12. O-O Bh5 13. Ne2 Bg6 14. Bxg6 hxg6 15. Rfc1 Rac8 16. Nf4 Ne4 17. Nd3 f6 18. b4 Ne7 19. Nc5 Nxc5 20. bxc5 Qe6 21. Qd3 Kf7 22. Rab1 Rb8 23. Rb3 Nc6 24. Rcb1 Na5 25. Rb4 Rh8 26. Qc3 Qf5 27. Qe1 Qc8 28. e4 Re8 29. e5 Nc4 30. Qc3 Qf5 31. h4 b5 32. cxb6 Rxb6 33. Re1 Rc6 34. Qb3 Qd7 1/2-1/2

[Event "FIDE WYCC Girls U14 2023"]
[Site "Montesilvano"]
[Date "2023.11.16"]
[Round "4.27"]
[White "Sosovickova, Martina"]
[Black "Balazs, Szabina Zoe"]
[Result "1-0"]
[ECO "B52"]
[WhiteElo "1877"]
[BlackElo "1552"]
[Annotator "NA RC"]
[PlyCount "65"]
[EventDate "2023.11.13"]
[EventType "swiss"]
[EventCountry "ITA"]
[SourceTitle "playchess.com"]
[Source "ChessBase"]
[SourceQuality "1"]
[TimeControl "40/5400+30:1800+30"]

1. e4 c5 2. Nf3 d6 3. Bb5+ Bd7 4. Bxd7+ Nxd7 5. O-O Ngf6 6. Qe2 e5 7. c3 Be7 8. d4 cxd4 9. cxd4 O-O 10. Nc3 Re8 11. Rd1 Qb8 12. Bg5 a6 13. Rac1 b5 14. dxe5 dxe5 15. Nd5 Nxd5 16. Rxd5 Bxg5 17. Nxg5 Qb7 18. f3 f6 19. Nh3 Nf8 20. Qd1 Ne6 21. Rd7 Qb6+ 22. Kh1 Rad8 23. Qd5 Rxd7 24. Qxd7 Rd8 25. Rc8 Rxc8 26. Qxc8+ Kf7 27. Qd7+ Kg6 28. g4 Kh6 29. Qf7 g6 30. Qxf6 Qe3 31. Qxe6 Qxf3+ 32. Kg1 Qxh3 33. g5+ 1-0

[Event "FIDE WYCC Girls U14 2023"]
[Site "Montesilvano"]
[Date "2023.11.16"]
[Round "4.28"]
[White "Seyhan, Pelin"]
[Black "Huseynova, Lala"]
[Result "0-1"]
[ECO "D00"]
[WhiteElo "1461"]
[BlackElo "1867"]
[Annotator "NA RC"]
[PlyCount "94"]
[EventDate "2023.11.13"]
[EventType "swiss"]
[EventCountry "ITA"]
[SourceTitle "playchess.com"]
[Source "ChessBase"]
[SourceQuality "1"]
[TimeControl "40/5400+30:1800+30"]

1. d4 d5 2. Bf4 c5 3. e3 Nc6 4. Nd2 cxd4 5. exd4 Nxd4 6. c3 Nc6 7. Ngf3 Nf6 8. Bb5 e6 9. Qe2 Bd6 10. Ne5 Qc7 11. c4 Nd7 12. Nxd7 Bxf4 13. Bxc6 bxc6 14. Nc5 Bd6 15. Ncb3 Ba6 16. h3 O-O 17. O-O c5 18. Rac1 Rac8 19. Rfd1 Qb6 20. Qh5 Bb7 21. Nf3 a5 22. Rc2 a4 23. Nbd2 h6 24. Nf1 d4 25. N1d2 Qc6 26. Re1 e5 27. Ne4 Bb8 28. Nh4 Rce8 29. Rd2 Bc8 30. g4 Bc7 31. Rd3 Bd8 32. Nf5 Re6 33. Rg3 Rg6 34. h4 Bd7 35. Rd3 Be8 36. Ned6 Rxd6 37. Nxd6 Qxd6 38. Qxe5 Bc7 39. Qxd6 Bxd6 40. b3 axb3 41. Rxb3 Ba4 42. Rb6 Rd8 43. Ra6 Bc2 44. g5 hxg5 45. hxg5 d3 46. g6 fxg6 47. Re6 Bf8 0-1

[Event "FIDE WYCC Girls U14 2023"]
[Site "Montesilvano"]
[Date "2023.11.16"]
[Round "4.29"]
[White "Lorenz, Veronika"]
[Black "Hong, Jueun"]
[Result "1-0"]
[ECO "B54"]
[WhiteElo "1791"]
[BlackElo "1299"]
[Annotator "NA RC"]
[PlyCount "65"]
[EventDate "2023.11.13"]
[EventType "swiss"]
[EventCountry "ITA"]
[SourceTitle "playchess.com"]
[Source "ChessBase"]
[SourceQuality "1"]
[TimeControl "40/5400+30:1800+30"]

1. e4 c5 2. Nf3 d6 3. d4 cxd4 4. Nxd4 Nf6 5. f3 g6 6. c4 Bg7 7. Nc3 Nc6 8. Be3 O-O 9. Qd2 Bd7 10. Be2 Qa5 11. O-O Rfc8 12. b3 Ne5 13. Qb2 a6 14. Rac1 Be6 15. b4 Qd8 16. c5 Bc4 17. Rfd1 Qf8 18. Na4 Bxe2 19. Qxe2 Rd8 20. Nb6 Rab8 21. c6 Nxc6 22. Nxc6 bxc6 23. Rxc6 Nd7 24. Qxa6 Nxb6 25. Bxb6 Rdc8 26. Rdc1 Rxc6 27. Rxc6 Qe8 28. Qc4 Bf6 29. b5 Ra8 30. Be3 Bg7 31. b6 Qb8 32. Rc7 Bf8 33. b7 1-0

[Event "FIDE WYCC Girls U14 2023"]
[Site "Montesilvano"]
[Date "2023.11.16"]
[Round "4.30"]
[White "Comarnitcaia, Ecaterina"]
[Black "Andries, Alexia"]
[Result "0-1"]
[ECO "B56"]
[WhiteElo "1424"]
[BlackElo "1750"]
[Annotator "NA RC"]
[PlyCount "96"]
[EventDate "2023.11.13"]
[EventType "swiss"]
[EventCountry "ITA"]
[SourceTitle "playchess.com"]
[Source "ChessBase"]
[SourceQuality "1"]
[TimeControl "40/5400+30:1800+30"]

1. e4 c5 2. Nf3 Nc6 3. d4 cxd4 4. Nxd4 Nf6 5. Nc3 d6 6. h3 e5 7. Nb3 Be6 8. Be3 Be7 9. Be2 O-O 10. O-O a5 11. a4 Nb4 12. Bd3 Nxd3 13. cxd3 d5 14. Bc5 d4 15. Bxe7 Qxe7 16. Na2 b6 17. Nd2 Rac8 18. b3 Nd7 19. Nc4 Qg5 20. Qf3 f5 21. exf5 Rxf5 22. Qg4 Qe7 23. Qe2 Rcf8 24. Nc1 Rg5 25. Kh2 Bd5 26. f3 Qf6 27. Qf2 Qg6 28. Ra2 Rh5 29. Re2 Rhf5 30. Qe1 Qf6 31. Kg1 h5 32. Na2 Bxc4 33. bxc4 Nc5 34. Qd1 Qc6 35. Rfe1 Qg6 36. Rf2 h4 37. Nc1 Rg5 38. Qc2 Qf5 39. Ref1 Qxh3 40. f4 exf4 41. Rxf4 Qe3+ 42. R4f2 h3 43. Kh2 Rxg2+ 44. Rxg2 Rxf1 45. Rd2 Qg1+ 46. Kxh3 Rf3+ 47. Kh4 Qg3+ 48. Kh5 Rf5# 0-1

[Event "FIDE WYCC Girls U14 2023"]
[Site "Montesilvano"]
[Date "2023.11.16"]
[Round "4.31"]
[White "Field, Lila Quinn"]
[Black "Caku, Kler"]
[Result "0-1"]
[ECO "C54"]
[WhiteElo "1616"]
[BlackElo "1740"]
[Annotator "NA RC"]
[PlyCount "76"]
[EventDate "2023.11.13"]
[EventType "swiss"]
[EventCountry "ITA"]
[SourceTitle "playchess.com"]
[Source "ChessBase"]
[SourceQuality "1"]
[TimeControl "40/5400+30:1800+30"]

1. e4 e5 2. Nf3 Nc6 3. Bc4 Bc5 4. c3 Nf6 5. d3 h6 6. Nbd2 d6 7. Bb3 O-O 8. h3 Be6 9. Bc2 Bb6 10. g4 Nh7 11. Rg1 d5 12. Qe2 dxe4 13. dxe4 a6 14. Nf1 Bc5 15. Bd2 Ng5 16. Bxg5 hxg5 17. Ng3 Qf6 18. Nf5 g6 19. h4 Bxf5 20. hxg5 Qe7 21. gxf5 Rad8 22. f6 Qe6 23. Qf1 Nb4 24. Qe2 Qh3 25. Nxe5 Rfe8 26. Nc4 Nxc2+ 27. Qxc2 Qf3 28. e5 b5 29. Qe2 Qxe2+ 30. Kxe2 bxc4 31. Rh1 Rxe5+ 32. Kf3 Rd3+ 33. Kf4 Rf5+ 34. Ke4 Bd6 35. Rh4 Re5+ 36. Kf4 Re1+ 37. Kg4 Re4+ 38. f4 Rxf4# 0-1

[Event "FIDE WYCC Girls U14 2023"]
[Site "Montesilvano"]
[Date "2023.11.16"]
[Round "4.32"]
[White "Qi, Jenny"]
[Black "Dimatangihan Anica Shey"]
[Result "1-0"]
[ECO "C65"]
[WhiteElo "1737"]
[BlackElo "1091"]
[Annotator "NA RC"]
[PlyCount "131"]
[EventDate "2023.11.13"]
[EventType "swiss"]
[EventCountry "ITA"]
[SourceTitle "playchess.com"]
[Source "ChessBase"]
[SourceQuality "1"]
[TimeControl "40/5400+30:1800+30"]

1. e4 e5 2. Nf3 Nc6 3. Bb5 Nf6 4. d3 Bc5 5. c3 d6 6. O-O O-O 7. Ba4 h6 8. Nbd2 a6 9. Re1 b5 10. Bc2 Bb6 11. Nf1 Na5 12. Ng3 c5 13. d4 exd4 14. cxd4 Bg4 15. d5 Qc7 16. h3 Bxf3 17. Qxf3 Nc4 18. Nf5 Ne5 19. Qg3 Ng6 20. Qxd6 Qxd6 21. Nxd6 Rad8 22. Nf5 Rfe8 23. Bd2 Ne5 24. Rad1 c4 25. Bc3 b4 26. Bxb4 Nd3 27. Bxd3 cxd3 28. Be7 Rc8 29. Bxf6 gxf6 30. Nd6 d2 31. Rxd2 Ba5 32. Nxe8 Bxd2 33. Nxf6+ Kg7 34. Rd1 Rc1 35. Rxc1 Bxc1 36. Ne8+ Kf8 37. Nc7 a5 38. b3 Ke7 39. Na8 Kd6 40. Nb6 Bg5 41. Nc4+ Kc5 42. Nxa5 Kd4 43. f3 Kc3 44. Nc6 Bf4 45. e5 Be3+ 46. Kf1 Kb2 47. d6 Kxa2 48. d7 Bb6 49. d8=Q Bxd8 50. Nxd8 Kxb3 51. Nxf7 Kc4 52. e6 Kd3 53. e7 Ke3 54. e8=Q+ Kd4 55. Qe5+ Kc4 56. Nd6+ Kd3 57. Qd5+ Kc3 58. Ne4+ Kb4 59. Qc5+ Kb3 60. Qc3+ Ka4 61. Qb2 Ka5 62. Ke2 h5 63. Kd3 h4 64. Kc4 Ka6 65. Nc5+ Ka7 66. Qb7# 1-0

[Event "FIDE WYCC Girls U14 2023"]
[Site "Montesilvano"]
[Date "2023.11.16"]
[Round "4.33"]
[White "Stoll, Lucia"]
[Black "Michalska, Lena"]
[Result "1-0"]
[ECO "B27"]
[WhiteElo "1887"]
[BlackElo "1640"]
[Annotator "NA RC"]
[PlyCount "47"]
[EventDate "2023.11.13"]
[EventType "swiss"]
[EventCountry "ITA"]
[SourceTitle "playchess.com"]
[Source "ChessBase"]
[SourceQuality "1"]
[TimeControl "40/5400+30:1800+30"]

1. e4 c5 2. Nf3 g6 3. c3 d5 4. e5 Bg7 5. d4 Bg4 6. Bb5+ Nc6 7. Nbd2 cxd4 8. Bxc6+ bxc6 9. cxd4 Qb6 10. O-O c5 11. h3 Bd7 12. dxc5 Qxc5 13. Nb3 Qc6 14. Be3 e6 15. Rc1 Qa4 16. Qd2 Ne7 17. Nc5 Qb5 18. a4 Qb8 19. Na6 Qb7 20. Nc7+ Kf8 21. Nxa8 Qxa8 22. Rc7 Qe8 23. Qb4 f6 24. Qd6 1-0

[Event "FIDE WYCC Girls U14 2023"]
[Site "Montesilvano"]
[Date "2023.11.16"]
[Round "4.34"]
[White "Smietanska, Wiktoria"]
[Black "Sivashankar, Samyukta"]
[Result "1-0"]
[ECO "D35"]
[WhiteElo "2009"]
[BlackElo "1348"]
[Annotator "NA RC"]
[PlyCount "71"]
[EventDate "2023.11.13"]
[EventType "swiss"]
[EventCountry "ITA"]
[SourceTitle "playchess.com"]
[Source "ChessBase"]
[SourceQuality "1"]
[TimeControl "40/5400+30:1800+30"]

1. c4 e6 2. Nc3 d5 3. d4 Nf6 4. cxd5 exd5 5. Bg5 Be7 6. e3 O-O 7. Bd3 h6 8. Bh4 c5 9. dxc5 Bxc5 10. Nge2 Qb6 11. Rb1 Nbd7 12. O-O a6 13. Qc2 Bd6 14. Rbc1 Qb4 15. Nd4 Be5 16. Nf3 d4 17. Bxf6 Bxf6 18. Nd5 Qa5 19. Nxf6+ Nxf6 20. exd4 Qxa2 21. Bc4 Qa5 22. Qb3 Bf5 23. Ne5 Ne4 24. Bxf7+ Kh7 25. Qf3 Rxf7 26. Nxf7 Nd2 27. Qxb7 Be4 28. Qe7 Qd5 29. Rfd1 Qxd4 30. Rxd2 Qxd2 31. Qxe4+ Kg8 32. Qxa8+ Kxf7 33. Qf3+ Kg8 34. Rc8+ Kh7 35. Qf5+ g6 36. Qf7# 1-0

[Event "FIDE WYCC Girls U14 2023"]
[Site "Montesilvano"]
[Date "2023.11.16"]
[Round "4.35"]
[White "Poetscher, Katharina"]
[Black "Jiang, Tianyu"]
[Result "0-1"]
[ECO "B22"]
[WhiteElo "1345"]
[BlackElo "1917"]
[Annotator "NA RC"]
[PlyCount "60"]
[EventDate "2023.11.13"]
[EventType "swiss"]
[EventCountry "ITA"]
[SourceTitle "playchess.com"]
[Source "ChessBase"]
[SourceQuality "1"]
[TimeControl "40/5400+30:1800+30"]

1. e4 c5 2. c3 Nf6 3. e5 Nd5 4. d4 cxd4 5. cxd4 d6 6. Nf3 Nc6 7. Bc4 Nb6 8. Bb3 dxe5 9. dxe5 Qxd1+ 10. Bxd1 Nc4 11. Ba4 Bd7 12. e6 Bxe6 13. Bxc6+ bxc6 14. b3 Nb6 15. Bb2 Bd5 16. Nbd2 f6 17. O-O e5 18. Rfe1 O-O-O 19. Rac1 Kb7 20. Nh4 Bxg2 21. Nxg2 Rxd2 22. Rb1 Bb4 23. Rf1 Rhd8 24. a3 Be7 25. Ne3 Bc5 26. Nc4 Nxc4 27. bxc4 Kc8 28. Bc3 Rc2 29. Ba5 Rd3 30. Kg2 Rxc4 0-1

[Event "FIDE WYCC Girls U14 2023"]
[Site "Montesilvano"]
[Date "2023.11.17"]
[Round "5.1"]
[White "Ciarletta, Iris"]
[Black "Shukhman, Anna"]
[Result "*"]
[WhiteElo "1882"]
[BlackElo "2263"]
[Annotator "ChessBase"]
[PlyCount "88"]
[EventDate "2023.11.13"]
[EventType "swiss"]
[EventCountry "ITA"]
[SourceTitle "playchess.com"]
[Source "ChessBase"]
[SourceQuality "1"]
[TimeControl "40/5400+30:1800+30"]

1. d4 Nf6 2. c4 e6 3. Nf3 d5 4. Nc3 Bb4 5. e3 O-O 6. cxd5 exd5 7. Qc2 c6 8. Bd3 Re8 9. O-O Nbd7 10. Bd2 h6 11. Ne2 Bd6 12. Ng3 Nf8 13. b4 Bg4 14. Rfc1 Rc8 15. a4 N6d7 16. Bc3 Qf6 17. Nd2 Bxg3 18. hxg3 Bh5 19. Qb2 Qg5 20. b5 Rxe3 21. fxe3 Qxe3+ 22. Kh2 Qxd3 23. Qc2 Qe2 24. Re1 Qg4 25. Nf3 Bg6 26. Qd2 Be4 27. Rf1 Ne6 28. Rac1 Qh5+ 29. Kg1 Qg6 30. bxc6 bxc6 31. Qf2 Rb8 32. Rfd1 Nf6 33. Ne5 Qh5 34. Be1 Re8 35. Rd2 Nxd4 36. Qxd4 Rxe5 37. g4 Nxg4 38. Bg3 Rg5 39. Rxc6 Nf6 40. Rc3 Qg6 41. Qxa7 Kh7 42. Kf2 Bf5 43. Re2 Bd3 44. Re3 Ng4+ *